cohdb
Replays
Latest Replays
All Replays
Popular Replays
Top Player Replays
Match Explorer
How It Works
Community
CoH3 Stats
Reddit
Sign in to upload your games and track your stats! →
Sign in with Steam
Match 42214919
Unlisted
Match 42214919
Overview
Messages
Build Orders
End
250 Light Carrier
Selects Italian Infantry
Panzergrenadier Squad
Panzergrenadier Squad
Construct Light Support Kompanie
Selects Guastatori Squad
Guastatori Squad
2.5-tonne Medical Truck
Selects L6/40 Light Tank Combat Group
L6/40 Light Tank Combat Group
Panzergrenadier Squad
Fire Support Elements
Selects Towed Cannone da 105/28 Field Howitzer
Selects Defensive Operations
2.5-tonne Medical Truck
MG34 Team
Veteran Squad Leaders
Selects Prepared Positions
Construct Panzerarmee Kommand
Guastatori Squad
Selects Obice 305mm Barrage
Obice 305mm Barrage
2.5-tonne Medical Truck
Obice 305mm Barrage
Walking Stuka Rocket Launcher
樱岛麻衣
LeFire
©Redgaarden III
homig
kerem
[Ⓥ] Haisen
0
0
Comments
sign in to comment!
No comments posted yet!